 Dungeon Crawl Stone Soup version 0.27-a0-1290-g15d3ce7508 (webtiles) character file.

Game seed: 5155127847300517136

37 27snakeeyes612 the Skirmisher (level 3, -3/20 HPs)
             Began as a Vine Stalker Fighter on June 15, 2021.
             Slain by Robin (4 damage)
             ... on level 1 of the Dungeon.
             The game lasted 00:01:07 (1363 turns).

27snakeeyes612 the Skirmisher (VSFi)                Turns: 1363, Time: 00:01:07

Health: -3/20      AC:  7    Str: 19    XL:     3   Next: 41%
Magic:  0/4        EV:  7    Int:  8    God:
Gold:   37         SH:  0    Dex: 13    Spells: 2/2 levels left

rFire    . . .     SeeInvis .   g - +0 whip
rCold    . . .     Faith    .   c - +0 kite shield
rNeg     . . .     Spirit   +   b - +0 scale mail
rPois    .         Reflect  .   h - +0 helmet
rElec    .         Harm     .   (no cloak)
rCorr    .         Rampage  .   (no gloves)
Will     .....                  (no boots)
Stlth    ..........             (no amulet)
HPRegen  0.06/turn              (no ring)
MPRegen  0.09/turn              (no ring)

@: confused, ambrosia-drunk
A: fangs 2, magic shield, antimagic bite, no potion heal 2
a: no special abilities


You were on level 1 of the Dungeon.
You visited 1 branch of the dungeon, and saw 2 of its levels.

You collected 37 gold pieces.

Inventory:

Hand Weapons
 a - a +0 flail
 g - a +0 whip (weapon)
Armour
 b - a +0 scale mail (worn)
 c - a +0 kite shield (worn)
 h - a +0 helmet (worn)
Scrolls
 d - a scroll of teleportation {unknown}
 i - a scroll of fear {unknown}
Potions
 e - a potion of ambrosia
 f - a potion of cancellation {unknown}


   Skills:
 + Level 3.1 Fighting
 + Level 1.9 Maces & Flails
 + Level 2.6 Armour
 + Level 0.5 Dodging
 + Level 0.5 Stealth
 + Level 3.0 Shields


You had 2 spell levels left.
You didn't know any spells.
Your spell library was empty.

Dungeon Overview and Level Annotations

Branches:
Dungeon (2/15)

Altars:

Annotations:
D:1 Robin


Innate Abilities, Weirdness & Mutations

You have extremely sharp teeth.
When hurt, damage is shared between your health and your magic reserves.
Your bite disrupts and absorbs the magic of your enemies.
Potions cannot restore your health.


Message History

You barely miss Robin. You bite Robin. You drain their power.
You feel invigorated.
Robin is lightly wounded.
You block the hobgoblin's attack. You block Robin's attack.
You block the hobgoblin's attack. Robin hits you with a +0 mace.
You hit Robin.
Robin is moderately wounded.
The hobgoblin hits you. Robin hits you with a +0 mace.
You hit Robin but do no damage. You bite Robin, but do no damage.
Robin is moderately wounded.
The hobgoblin hits you. You block Robin's attack.
You hit Robin. You bite Robin, but do no damage.
Robin is heavily wounded.
You block the hobgoblin's attack. Robin hits you with a +0 mace.
* * * LOW HITPOINT WARNING * * *
You barely miss Robin. Your bite misses Robin.
Robin is heavily wounded.
You block the hobgoblin's attack. Robin hits you but does no damage.
The hobgoblin hits you.
* * * LOW HITPOINT WARNING * * *
Robin hits you but does no damage.
It was a potion of ambrosia.
You are confused.
Your system rejects the healing.
You feel invigorated. The hobgoblin hits you.
* * * LOW HITPOINT WARNING * * *
Robin hits you with a +0 mace.
* * * LOW HITPOINT WARNING * * *
The hobgoblin closely misses you.
The hobgoblin hits you but does no damage.
Robin roars a battlecry!
The hobgoblin goes into a battle-frenzy!
You're too confused to move!
The hobgoblin hits you but does no damage.
You're too confused to move!
The hobgoblin hits you.
You hit Robin. You bite Robin. You drain their power.
Robin is almost dead.
Robin hits you with a +0 mace.
* * * LOW HITPOINT WARNING * * *
Robin hits you with a +0 mace.
You die...

########## ##########
#..(.....##### .........#######
#.######.#.... .##............#
#.# #.#....
.##.####.#####.#####.## #.#.###
.....# #..............# #.#.#
.##..# #..####.#####..# #.#.#
.##..###....†>gg@.....# #.#.###
.##........>##.######.#####......
.##...##..#.##.# #..........##
..........)..#.# #######..#..#
###...##..###..############.###..
#.......# #..##............#...
##..##..###.###.########.#...#.
#..##.....## #.# #.#####.
#####..#.## #.# #.# #.


You could see Robin and a hobgoblin (strong).

Vanquished Creatures
  A dart slug (D:1)
  2 endoplasms (D:1)
  A giant cockroach (D:1)
  6 goblins (D:1)
  4 hobgoblins (D:1)
  6 jackals
  2 kobolds (D:1)
  4 ball pythons (D:1)
  A bat (D:1)
  3 frilled lizards (D:1)
  A rat (D:2)
31 creatures vanquished.

Notes
Turn   | Place    | Note
-------+----------+-------------------------------------------
     0 | D:1      | 27snakeeyes612 the Vine Stalker Fighter began the quest for
                  | the Orb.
     0 | D:1      | Reached XP level 1. HP: 11/11 MP: 2/2
    52 | D:1      | Found a faded altar of an unknown god.
   303 | D:1      | Reached XP level 2. HP: 6/16 MP: 1/3
  1099 | D:2      | Noticed Robin
  1102 | D:2      | Reached XP level 3. HP: 20/20 MP: 4/4
  1357 | D:1      | HP: 1/20 [Robin (1)]
  1363 | D:1      | HP: 1/20 [Robin (1)]
  1363 | D:1      | Slain by Robin

Illustrated notes

Levels and vault maps discovered:
D:1:      scummos_arrival_checkerplants, layout_loops_ring,
          basic_ecumenical_altar
D:2:      layout_basic, uniq_crazy_yiuf_cottage, uniq_robin

Skill      XL: |  1  2 |
---------------+-------+-----
Fighting       | 3 |  3.1
Shields        | 3 |  3.0
Maces & Flails | |  1.9
Armour         | |  2.6
Dodging        | |  0.5
Stealth        | |  0.5

Action                   || total
-------------------------++-------
Melee: Whip              ||    97
       Bite              ||    22
  Use: Potion            ||     2
Armor: Scale mail        ||    79
Dodge: Dodged            ||    52
Block: Kite shield       ||    72

Table legend: (Time is in decaauts)
 A = Elapsed time spent in this place.
 B = Non-inter-level travel time spent in this place.
 C = Inter-level travel time spent in this place.
 D = Time resting spent in this place.
 E = Time spent auto-exploring this place.
 F = Levels seen in this place.
 G = Mean time per level.
                   A        B        C        D        E       F      G
               +--------+--------+--------+--------+--------+-----+--------+
         Total |   1389 |   1335 |     54 |    214 |    836 |   2 |  694.5 |
       Dungeon |   1389 |   1335 |     54 |    214 |    836 |   2 |  694.5 |
               +--------+--------+--------+--------+--------+-----+--------+

Top non-repeatable levels by time:
     D:1: 1370 daAuts
     D:2: 18 daAuts
